 Dungeon Crawl Stone Soup version 0.31-a0-167-g1c394c0614 (webtiles) character file.

Game seed: 13626954697428646529

53 qw the Shooter (level 3, -5/32 HPs)
             Began as a Naga Hunter on June 14, 2023.
             Slain by Terence
             ... wielding a +0 hand axe
              (11 damage)
             ... on level 2 of the Dungeon.
             The game lasted 00:00:17 (1019 turns).

qw the Shooter (Naga Hunter)                        Turns: 1019, Time: 00:00:17

Health: -5/32      AC:  2    Str: 13    XL:     3   Next: 89%
Magic:  3/3        EV:  9    Int:  9    God:
Gold:   121        SH:  0    Dex: 16    Spells: 2/2 levels left

rFire   . . .        Y - +0 shortbow
rCold   . . .        (shield currently unavailable)
rNeg    . . .        c - +0 leather armour
rPois   +            (no helmet)
rElec   .            (no cloak)
rCorr   .            (no gloves)
SInv    +            (no barding)
Will    +....        (no amulet)
Stlth   ++           f - ring of willpower
HPRegen 0.25/turn    (no ring)
MPRegen 0.08/turn

%: no passive effects
@: short of breath, very slow
A: AC +1, large, see invisible, deformed body, poison resistance, slowness 2,
spit poison 1, naga tail 1
a: Spit Poison


You were on level 2 of the Dungeon.
You visited 1 branch of the dungeon, and saw 2 of its levels.

You collected 121 gold pieces.


Innate Abilities, Weirdness & Mutations

Your serpentine skin is tough. (AC +1)
You have supernaturally acute eyesight. (SInv)
Armour fits poorly on your strangely shaped body.
Your system is resistant to poisons. (rPois)
You cover ground very slowly.
You can spit poison.
You have a snake-like lower body.


   Skills:
 - Level 2.0 Fighting
 + Level 4.9 Ranged Weapons
 - Level 1.5 Dodging
 - Level 1.5 Stealth


You had 2 spell levels left.
You didn't know any spells.
Your spell library was empty.

Inventory:

Hand Weapons
 Y - a +0 shortbow (weapon)
Armour
 c - a +0 leather armour (worn)
Jewellery
 f - a ring of willpower (left hand)
Scrolls
 a - a scroll of teleportation
Potions
 e - a potion of lignification {unknown}

Dungeon Overview and Level Annotations

Branches:
Dungeon (2/15)

Altars:

Annotations:
D:2 Terence


Message History

You kill the bat!
You have got your breath back.
You now have 110 gold pieces (gained 9).
You now have 121 gold pieces (gained 11).
A dart slug comes into view.
Enter note:
Enter note:
Enter note:
Enter note:
1009 ||| INVOKING Spit Poison.
Aiming: Spit Poison (2% risk of failure)
Press: ? - help, Shift-Dir - straight line, f - dart slug The splash of poison hits the dart slug!
You kill the dart slug!
You have got your breath back.
Terence the Incautious comes into view.
He is wielding a +0 hand axe.
Terence shouts!
Enter note:
Enter note:
Enter note:
Enter note:
1015 ||| INVOKING Spit Poison.
Aiming: Spit Poison (2% risk of failure)
Press: ? - help, Shift-Dir - straight line, f - Terence The splash of poison hits Terence.
Terence is poisoned.
Terence is moderately wounded.
You shoot an arrow.
The arrow hits Terence but does no damage.
Terence is moderately wounded.
You shoot an arrow.
The arrow hits Terence but does no damage.
Terence is heavily wounded.
Terence drinks a potion.
Terence goes berserk!
You shoot an arrow.
The arrow hits Terence but does no damage.
Terence is heavily wounded.
Terence hits you with a +0 hand axe! x2
You shoot an arrow. The arrow barely misses Terence.
Terence hits you with a +0 hand axe. Terence hits you with a +0 hand axe!
You die...

### #.# ..# #.# ..#
#.# ## ..# #.# ..
..# #.# .# ..# #.#
.# ..### #.# .#
..#.#########.###.##
................@..#
..#.#######...###@.#
............### ...#
..#.###.###.# #..#
#.#.##.## ##.# #..#
#..#...# .# ..#
##...#.## #.# ##
#.#.#.#.###.##
...........#


You could see Terence (berserk, poisoned).

Vanquished Creatures
  A gnoll (D:1)
  2 adders (D:2)
  A dart slug (D:2)
  2 ball pythons (D:1)
  4 endoplasms
  A goblin (D:1)
  3 hobgoblins (D:1)
  3 jackals (D:1)
  A quokka (D:1)
  3 bats
  2 rats (D:1)
23 creatures vanquished.

Notes
Turn   | Place    | Note
-------+----------+-------------------------------------------
     0 | D:1      | qw the Naga Hunter began the quest for the Orb.
     0 | D:1      | Reached XP level 1. HP: 19/19 MP: 1/1
     0 | D:1      | 0 ||| qw: Version: 0.2-a-29-g1fa15c8
     0 | D:1      | 0 ||| qw: Game counter: 4904
     0 | D:1      | 0 ||| qw: Always use a shield: true
     0 | D:1      | 0 ||| qw: God list: Okawaru
     0 | D:1      | 0 ||| qw: Allow faded altars: false
     0 | D:1      | 0 ||| qw: Do Orc after D:15 true
     0 | D:1      | 0 ||| qw: Do second Lair branch before Depths: true
     0 | D:1      | 0 ||| qw: Lair rune preference: random
     0 | D:1      | 0 ||| qw: Plans: Normal
     0 | D:1      | 0 ||| PLANNING D:1-11
    26 | D:1      | 26 ||| INVOKING Spit Poison.
    45 | D:1      | 45 ||| INVOKING Spit Poison.
    48 | D:1      | 48 ||| INVOKING Spit Poison.
    52 | D:1      | 52 ||| INVOKING Spit Poison.
    53 | D:1      | Reached skill level 4 in Ranged Weapons
    53 | D:1      | Reached XP level 2. HP: 25/26 MP: 2/2
    60 | D:1      | 60 ||| INVOKING Spit Poison.
    64 | D:1      | 64 ||| INVOKING Spit Poison.
   130 | D:1      | 130 ||| INVOKING Spit Poison.
   136 | D:1      | 136 ||| INVOKING Spit Poison.
   159 | D:1      | 159 ||| INVOKING Spit Poison.
   208 | D:1      | 208 ||| INVOKING Spit Poison.
   211 | D:1      | Reached XP level 3. HP: 32/32 MP: 3/3
   214 | D:1      | 214 ||| INVOKING Spit Poison.
   288 | D:1      | 288 ||| INVOKING Spit Poison.
   289 | D:1      | 289 ||| INVOKING Spit Poison.
   439 | D:1      | 439 ||| INVOKING Spit Poison.
   456 | D:1      | 456 ||| INVOKING Spit Poison.
   509 | D:1      | 509 ||| INVOKING Spit Poison.
   752 | D:1      | 752 ||| UPGRADING to ring of willpower.
   753 | D:1      | 753 ||| READING 2 scrolls labelled JOTAGE LAUMITA.
   756 | D:1      | 756 ||| READING scroll labelled ODIUHA NILELYE.
   757 | D:1      | 757 ||| READING scroll labelled COJAATHRUZI.
   758 | D:1      | 758 ||| DROPPING scroll of butterflies.
   865 | D:2      | 865 ||| INVOKING Spit Poison.
   875 | D:2      | 875 ||| INVOKING Spit Poison.
   980 | D:2      | 980 ||| INVOKING Spit Poison.
  1009 | D:2      | 1009 ||| INVOKING Spit Poison.
  1014 | D:2      | Noticed Terence
  1015 | D:2      | 1015 ||| INVOKING Spit Poison.
  1019 | D:2      | HP: 6/32 [Terence/+0 hand axe (6)]
  1019 | D:2      | Slain by Terence

Levels and vault maps discovered:
D:1:      lemuel_arrival_tunnels, layout_loops_ring
D:2:      layout_loops_ring, minmay_misc_feat_x, uniq_terence

Skill      XL: |  1 |
---------------+----+-----
Ranged Weapons | 4 |  4.9
Fighting       | |  2.0
Dodging        | |  1.5
Stealth        | |  1.5

Action                     || total
---------------------------++-------
   Fire: Shortbow          ||    40
Ability: Spit Poison       ||    20
    Use: Scroll            ||     3
 Armour: Leather armour    ||     6
  Dodge: Dodged            ||     9

Table legend:
 A = Non-vault XP
 B = Vault XP
 C = Vault XP percentage of total XP
 D = Non-vault monster count
 E = Vault monster count
 F = Vault count percentage of total count
                 A         B        C        D         E       F
            +---------+---------+-------+---------+---------+-------
      Total |      77 |       0 |   0.0 |      23 |       0 |   0.0
            +---------+---------+-------+---------+---------+-------
        D:1 |      44 |       0 |   0.0 |      18 |       0 |   0.0
        D:2 |      33 |       0 |   0.0 |       5 |       0 |   0.0
            +---------+---------+-------+---------+---------+-------
